 Dungeon Crawl Stone Soup version 0.27-a0-887-gcab673c142 (webtiles) character file.

Game seed: 4628394387764007800

83 wakim the Chucker (level 4, -17/44 HPs)
             Began as an Ogre Arcane Marksman on Apr 3, 2021.
             Was an Initiate of Gozag.
             Demolished by Robin
             ... wielding a +1 spear of distortion
              (18 damage)
             ... on level 2 of the Dungeon.
             The game lasted 00:08:14 (2267 turns).

wakim the Chucker (Ogre Arcane Marksman)            Turns: 2267, Time: 00:08:14

Health: -17/44     AC:  4    Str: 15    XL:     4   Next: 44%
Magic:  1/1        EV: 10    Int: 14    God:    Gozag
Gold:   187        SH:  0    Dex:  9    Spells: 2/5 levels left

rFire    . . .     SeeInvis .   a - +2 short sword (antimagic) {short}
rCold    . . .     Faith    .   (no shield)
rNeg     . . .     Spirit   .   c - +1 robe
rPois    .         Reflect  .   (helmet restricted)
rElec    .         Harm     .   (no cloak)
rCorr    .         Rampage  .   (gloves unavailable)
Will     .....                  (boots unavailable)
Stlth    +.........             (no amulet)
HPRegen  0.14/turn              (no ring)
MPRegen  0.07/turn              (no ring)

@: no status effects
A: large, unfitting armour, tough skin 1
a: Renounce Religion, Potion Petition, Call Merchant, Bribe Branch


You were on level 2 of the Dungeon.
You worshipped Gozag.
Gozag was aware of your devotion.
You visited 1 branch of the dungeon, and saw 2 of its levels.

You collected 187 gold pieces.


Innate Abilities, Weirdness & Mutations

You are too large for most types of armour.
You have tough skin. (AC +1)


   Skills:
 + Level 2.7 Fighting
 - Level 1.2 Staves
 * Level 3.3 Throwing
 + Level 2.4 Dodging
 - Level 1.2 Spellcasting
 - Level 2.6 Hexes


You had 2 spell levels left.
You knew the following spells:

 Your Spells              Type           Power      Damage    Failure   Level
a - Corona                Hex            8%         N/A       9%          1
b - Slow                  Hex            8%         N/A       13%         2

Your spell library contained the following spells:

 Spells                   Type           Power      Damage    Failure   Level
 Inner Flame              Hex/Fire       4%         N/A       41%         3
 Portal Projectile        Hex/Tloc       8%         N/A       41%         3
 Cause Fear               Hex            4%         N/A       65%         4
 Leda's Liquefaction      Hex/Erth       2%         N/A       83%         4
 Haunt                    Necr/Summ      0%         N/A       100%        7
 Malign Gateway           Summ/Tloc      0%         N/A       100%        7
 Monstrous Menagerie      Summ           0%         N/A       100%        7
 Summon Horrible Things   Summ           0%         N/A       100%        8

Inventory:

Hand Weapons
 a - a +2 antimagic short sword (weapon) {short}
   (You took it off a kobold on level 2 of the Dungeon)
Missiles
 j - 11 arrows
 o - 2 throwing nets {=f!fthrowing}
 s - 53 stones (quivered) {throwing}
Armour
 c - a +1 robe (worn)
Magical Staves
 b - a staff of earth {!astaff}
   (You found it on level 1 of the Dungeon)
 h - a staff of poison {!astaff}
   (You found it on level 1 of the Dungeon)
Scrolls
 i - a scroll of enchant armour
Potions
 d - a potion of degeneration {!q@e2}
 g - a potion of flight {unknown}
 k - a potion of curing {unknown}
 H - a potion of haste {@q3}
 O - a potion of resistance

Dungeon Overview and Level Annotations

Branches:
Dungeon (2/15)

Altars:
Gozag

Annotations:
D:2 Robin

#.#####(#.#...#...
# #$#. ...#..# #$#
|..# #$# #.# #.#
##+#####$#
#........#
#.@.g.####
#.....###
#....<'.#
#.....####
#.....'..# ######
#.....##.# #.....
########.# #.####
#.#####.#
#.......#


You could see Robin.


Message History

😕 HP[-5]
You take 5 damage, and now have 38/44 hp.
You hit the goblin.
You kill the goblin! 😕 HP[+1]
You throw a poisoned dart {throwing}.
The poisoned dart {throwing} closely misses the frilled lizard.
You throw a poisoned dart {throwing}.
The poisoned dart {throwing} barely misses the frilled lizard.
The frilled lizard bites you. 😕 HP[-2]
You take 2 damage, and now have 37/44 hp.
You throw a poisoned dart {throwing}.
The poisoned dart {throwing} misses the frilled lizard.
The frilled lizard becomes distracted by the nearby gold, dreaming of imaginary riches.
You throw a poisoned dart {throwing}.
The poisoned dart {throwing} barely misses the frilled lizard.
The frilled lizard hisses angrily.
The frilled lizard is no longer distracted by gold.
The frilled lizard bites you. 😕 HP[-2]
You take 2 damage, and now have 35/44 hp.
You throw a large rock {=fthrowing}.
The large rock {=fthrowing} hits the frilled lizard!
You kill the frilled lizard!
Robin is nearby! 😕 HP[+1] Throw: 2 large rocks {=fthrowing}
Press: ? - help, Q - select action, (/) - cycle Shift-Dir - straight line, f - Robin
Aim: Robin, wielding a +1 spear of distortion, wearing a +0 animal skin and wearing a +0 helmet (wandering, hasn't noticed you, 64% to hit)
You throw a large rock {=fthrowing}.
The large rock {=fthrowing} barely misses Robin.
Robin shouts!
You hear a shout!
You throw a large rock {=fthrowing}. The large rock {=fthrowing} hits Robin.
Robin roars a battlecry!
The goblin goes into a battle-frenzy! 😕 HP[+1] Really fire
o - 2 throwing nets {=f!fthrowing}?
There are monsters nearby!
You throw a stone {throwing}.
The stone {throwing} hits Robin but does no damage.
Robin says, "My goblins will feast on your bones."
Robin hits you from afar with a +1 spear of distortion! 😮 HP[-8]
You take 8 damage, and now have 29/44 hp.
Robin throws the goblin at you!
You hit the goblin. The goblin barely misses you.
You hit the goblin.
You kill the goblin!
Robin says, "A pitiful Ogre like you will never find the ORB!"
Robin barely misses you.
Things that are here:
5 gold pieces; a +0 dagger {short} 😮 HP[+1]
There is a stone staircase leading up here.
Robin closely misses you.
You climb upwards.
There is a stone staircase leading down here.
You start resting. 😎 HP[+14]
Your hp is fully restored (44).
You climb downwards.
Level annotation: Robin Robin hits you from afar with a +1 spear of distortion.
You blink. 😕 HP[-5]
You take 5 damage, and now have 39/44 hp.
Robin barely misses you.
Robin hits you with a +1 spear of distortion. 😕 HP[-2]
You take 2 damage, and now have 37/44 hp.
You closely miss Robin.
Robin hits you with a +1 spear of distortion.
Space warps horribly around you!
* * * LOW HITPOINT WARNING * * *
😨 HP[-16]
You take 16 damage, and now have 21/44 hp.
MASSIVE DAMAGE!! (PAUSE) Robin barely misses you. 😨 HP[+1] Robin hits you from afar with a +1 spear of distortion.
* * * LOW HITPOINT WARNING * * *
You blink. 😨 HP[-3]
You take 3 damage, and now have 19/44 hp.
You hit Robin. Robin barely misses you.
You hit Robin.
Robin hits you with a +1 spear of distortion.
* * * LOW HITPOINT WARNING * * *
Space bends around you.
* * * LOW HITPOINT WARNING * * *
😱 HP[-9]
You take 9 damage, and now have 10/44 hp.
MASSIVE DAMAGE!! (PAUSE) Robin hits you from afar with a +1 spear of distortion!
* * * LOW HITPOINT WARNING * * *
Space warps horribly around you!!
You die...
Your body crumbles into a pile of gold.

Skill      XL: |  1  2  3 |
---------------+----------+-----
Dodging        | 2 |  2.4
Fighting       | 2 |  2.7
Staves         | 1 |  1.2
Throwing       | 3 |  3.3
Spellcasting   | |  1.2
Hexes          | |  2.6

Action                   |  1- 3 |  4- 6 || total
-------------------------+-------+-------++-------
Melee: Unarmed           |    21 |       ||    21
       Dagger            |    73 |    11 ||    84
       Staff             |    55 |       ||    55
       Short sword       |       |     8 ||     8
Throw: Large rock        |     4 |     3 ||     7
       Stone             |    29 |     1 ||    30
       Dart              |    40 |    38 ||    78
  Use: Scroll            |     5 |     3 ||     8
Armor: Robe              |    61 |     3 ||    64
Dodge: Dodged            |   119 |    14 ||   133

Levels and vault maps discovered:
D:1:      moated_graveyard_arrival, layout_basic, basic_ecumenical_altar
D:2:      layout_basic, uniq_jessica, uniq_sigmund, uniq_robin, uniq_terence

Notes
Turn   | Place    | Note
-------+----------+-------------------------------------------
     0 | D:1      | wakim the Ogre Arcane Marksman began the quest for the Orb.
     0 | D:1      | Reached XP level 1. HP: 19/19 MP: 2/2
     0 | D:1      | magus.rc [v1.9.6]
   194 | D:1      | Reached skill level 2 in Dodging
   194 | D:1      | Reached XP level 2. HP: 28/28 MP: 3/3
   459 | D:1      | Reached skill level 2 in Fighting
   689 | D:1      | Found a faded altar of an unknown god.
   798 | D:1      | Became a worshipper of Gozag Ym Sagoz the Greedy
   872 | D:1      | HP: 6/28 [quokka (5)]
  1147 | D:1      | Reached XP level 3. HP: 26/35 MP: 4/4
  1545 | D:2      | You add the spells Haunt, Monstrous Menagerie, Malign
                  | Gateway and Summon Horrible Things to your library.
  1708 | D:2      | Noticed Terence
  1728 | D:2      | Killed Terence
  1729 | D:2      | Reached skill level 1 in Staves
  1729 | D:2      | Reached skill level 3 in Throwing
  1729 | D:2      | Reached XP level 4. HP: 33/44 MP: 5/5
  1832 | D:2      | Noticed Robin
  2055 | D:1      | Learned a level 2 spell: Slow
  2266 | D:2      | HP: 10/44 [Robin/+1 spear of distortion (3)]
  2267 | D:2      | HP: 1/44 [Robin/+1 spear of distortion (9)]
  2267 | D:2      | Demolished by Robin

Vanquished Creatures
  Terence (D:2)
  A dart slug (D:2)
  2 bats (D:1)
  An endoplasm (D:1)
  3 giant cockroaches (D:1)
  12 goblins
  4 hobgoblins
  5 jackals
  2 kobolds
  5 quokkas (D:1)
  5 ball pythons
  5 frilled lizards
  2 rats (D:1)
48 creatures vanquished.

Table legend:
 A = Non-vault XP
 B = Vault XP
 C = Vault XP percentage of total XP
 D = Non-vault monster count
 E = Vault monster count
 F = Vault count percentage of total count
                 A         B        C        D         E       F
            +---------+---------+-------+---------+---------+-------
      Total |      62 |      57 |  47.9 |      36 |      12 |  25.0
            +---------+---------+-------+---------+---------+-------
        D:1 |      47 |       0 |   0.0 |      27 |       0 |   0.0
        D:2 |      15 |      57 |  79.2 |       9 |      12 |  57.1
            +---------+---------+-------+---------+---------+-------

Illustrated notes

Table legend:
 A = Kills in this place as a percentage of kills in entire the game.
 B = Kills by you in this place as a percentage of kills by you in the entire game.
 C = Kills by friends in this place as a percentage of kills by friends in the entire game.
 D = Other kills in this place as a percentage of other kills in the entire game.
 E = Experience gained in this place as a percentage of experience gained in the entire game.
 F = Experience gained in this place divided by the number of levels of this place that you have seen.
                   A       B       C       D       E      F
               +-------+-------+-------+-------+-------+----------------------
         Total | 100.0 | 100.0 |   N/A |   N/A | 100.0 |  59.5
       Dungeon | 100.0 | 100.0 |   N/A |   N/A | 100.0 |  59.5
               +-------+-------+-------+-------+-------+----------------------

Table legend: (Time is in decaauts)
 A = Elapsed time spent in this place.
 B = Non-inter-level travel time spent in this place.
 C = Inter-level travel time spent in this place.
 D = Time resting spent in this place.
 E = Time spent auto-exploring this place.
 F = Levels seen in this place.
 G = Mean time per level.
                   A        B        C        D        E       F      G
               +--------+--------+--------+--------+--------+-----+--------+
         Total |   2267 |   2207 |     60 |    250 |   1358 |   2 | 1133.5 |
       Dungeon |   2267 |   2207 |     60 |    250 |   1358 |   2 | 1133.5 |
               +--------+--------+--------+--------+--------+-----+--------+

Top non-repeatable levels by time:
     D:1: 1765 daAuts
     D:2: 501 daAuts
